 Dungeon Crawl Stone Soup version 0.26-a0-602-gd42a14c23b (webtiles) character file.

Game seed: 2898204051263916840

81 ANON1729 the Sneak (level 4, 0/31 HPs)
             Began as an Octopode Delver on Aug 30, 2020.
             Slain by a human zombie (7 damage)
             ... in an ossuary.
             The game lasted 00:03:19 (1576 turns).

ANON1729 the Sneak (Octopode Delver)                Turns: 1576, Time: 00:03:20

Health: 0/31       AC:  1    Str: 12    XL:     4   Next: 40%
Magic:  4/4        EV: 14    Int: 12    God:
Gold:   6          SH:  0    Dex: 13    Spells: 3/3 levels left

rFire    . . .     SeeInvis .     - Unarmed
rCold    . . .     Faith    .   (no shield)
rNeg     . . .     Spirit   .   (helmet restricted)
rPois    .         Reflect  .   (no amulet)
rElec    .         Harm     .   (no ring)
rCorr    .                      (no ring)
MR       .....                  (no ring)
Stlth    ++++......             (no ring)
HPRegen  0.10/turn              (no ring)
MPRegen  0.09/turn              (no ring)
                                (no ring)
                                (no ring)

@: brilliant
A: almost no armour, stealthy swim, amphibious, 8 rings, constrict 8, camouflage
1, gelatinous body 1
a: no special abilities


You were in an ossuary.
You visited 1 branch of the dungeon, and saw 2 of its levels.
You also visited: Sewer and Ossuary.

You collected 6 gold pieces.

Inventory:

Wands
 e - a wand of digging (9)
Scrolls
 a - 2 scrolls of fog
 b - a scroll of magic mapping
 c - 2 scrolls of fear
 f - a scroll of identify {unknown}
 g - 2 scrolls of blinking {unknown}
 j - a scroll of amnesia {unknown}
 k - a scroll of immolation {unknown}
 l - a scroll of remove curse {unknown}
 m - a scroll of enchant armour {unknown}
Potions
 d - 2 potions of haste
 h - a potion of curing
 i - a potion of brilliance


   Skills:
 + Level 3.5 Fighting
 + Level 2.7 Dodging
 + Level 7.2 Stealth
 + Level 2.9 Unarmed Combat


You had 3 spell levels left.
You didn't know any spells.
Your spell library was empty.

Dungeon Overview and Level Annotations

Branches:
Dungeon (5/15)              Sewer (visited)         Ossuary (1/1)
 Temple: D:4-7

Altars:
Sif Muna

Shops:
D:4 }


Innate Abilities, Weirdness & Mutations

You cannot wear most types of armour.
You are very stealthy in the water. (Stealth+)
You are amphibious.
You can wear up to eight rings at the same time.
You can use your tentacles to constrict eight enemies at once.
Your skin changes colour to match your surroundings (Stealth+).
Your rubbery body absorbs attacks. (AC +1, EV +1)


Message History

You feel clever all of a sudden.
You feel better.
You closely miss the human zombie. Your grab misses the human zombie.
You squeeze the human zombie, but do no damage.
The human zombie is heavily damaged.
The human zombie misses you.
You barely miss the human zombie. Your grab misses the human zombie.
The human zombie is heavily damaged.
The human zombie hits you.
* * * LOW HITPOINT WARNING * * *
You tentacle-slap the human zombie. Your grab misses the human zombie.
The human zombie is severely damaged.
The human zombie closely misses you.
You tentacle-slap the human zombie. Your grab misses the human zombie.
You squeeze the human zombie.
The human zombie is severely damaged.
You barely miss the human zombie. Your grab misses the human zombie.
The human zombie is severely damaged.
The human zombie hits you!
You die...

#......# ..Z# #...####
Z..# #..## #..# #..+
#..# #..## ##..#
#...#### ####...#
#......########......#
#....................#
#.......@Z..∩........#
######################


You could see a human zombie.

Vanquished Creatures
  A hound skeleton (D:4)
  3 adders (Sewer)
  2 adder zombies (Ossuary)
  An orc (D:4)
  7 ball pythons
  A giant cockroach (D:4)
  7 jackals (Sewer)
  5 frilled lizards
  A gnoll zombie (Ossuary)
  2 goblin zombies (Ossuary)
  A jackal zombie (Ossuary)
  4 kobolds (Sewer)
  A kobold zombie (Ossuary)
  An orc skeleton (D:4)
  An orc zombie (D:4)
  A quokka zombie (Ossuary)
39 creatures vanquished.

Vanquished Creatures (others)
  21 plants (Sewer)
21 creatures vanquished.

Grand Total: 60 creatures vanquished

Notes
Turn   | Place    | Note
-------+----------+-------------------------------------------
     0 | D:5      | ANON1729 the Octopode Delver began the quest for the Orb.
     0 | D:5      | Reached XP level 1. HP: 16/16 MP: 1/1
     6 | D:5      | Found a glowing drain.
    25 | Sewer    | Entered a sewer
   148 | Sewer    | Reached XP level 2. HP: 21/21 MP: 2/2
   424 | Sewer    | Reached XP level 3. HP: 26/26 MP: 3/3
   435 | Sewer    | Reached skill level 7 in Stealth
   955 | D:4      | Found a shimmering blue altar of Sif Muna.
  1143 | D:4      | Found Fodejeguonn's Gadget Shoppe.
  1333 | D:4      | Reached XP level 4. HP: 18/31 MP: 4/4
  1415 | D:4      | Found a sand-covered staircase.
  1447 | Ossuary  | Entered an ossuary
  1576 | Ossuary  | Slain by a human zombie

Illustrated notes

Levels and vault maps discovered:
D:4:      layout_gridville, riverfiend_overflow_shadow_ancestor, serial_shops,
          nicolae_shop_behind_doors, nicolae_ossuary_entry_catacombs,
          lemuel_altar_in_water, uniq_blork_the_orc
D:5:      layout_basic, minmay_temple_entry_grid, cheibrodos_sewer_entry_sluice,
          minmay_circle_x, uniq_pikel
Ossuary:  minmay_ossuary_two_tombs

Skill      XL: |  1  2  3 |
---------------+----------+-----
Stealth        | 7 |  7.2
Fighting       | |  3.5
Dodging        | |  2.7
Unarmed Combat | |  2.9

Action                   |  1- 3 |  4- 6 || total
-------------------------+-------+-------++-------
Melee: Unarmed           |    71 |    40 ||   111
       Constrict         |    22 |    12 ||    34
       Tentacles         |    14 |     7 ||    21
       Punch             |     2 |     2 ||     4
  Use: Potion            |     1 |     2 ||     3
 Stab: Sleeping          |    10 |     1 ||    11
Armor: Skin              |     3 |     4 ||     7
Dodge: Dodged            |    39 |    25 ||    64

Table legend: (Time is in decaauts)
 A = Elapsed time spent in this place.
 B = Non-inter-level travel time spent in this place.
 C = Inter-level travel time spent in this place.
 D = Time resting spent in this place.
 E = Time spent auto-exploring this place.
 F = Levels seen in this place.
 G = Mean time per level.
                   A        B        C        D        E       F      G
               +--------+--------+--------+--------+--------+-----+--------+
         Total |   1571 |   1571 |      0 |    530 |    615 |   4 |  392.8 |
       Dungeon |    659 |    659 |      0 |    124 |    359 |   2 |  329.5 |
         Sewer |    784 |    784 |      0 |    365 |    251 |   1 |  784.0 |
       Ossuary |    127 |    127 |      0 |     41 |      5 |   1 |  127.0 |
               +--------+--------+--------+--------+--------+-----+--------+

Top non-repeatable levels by time:
   Sewer: 784 daAuts
     D:4: 509 daAuts
     D:5: 149 daAuts
 Ossuary: 127 daAuts
